 Dungeon Crawl Stone Soup version 0.29-a0-350-g7790a0e70a (webtiles) character file.

Game seed: 8767442713765492161

86 zishaf the Sneak (level 4, -2/23 HPs)
             Began as a Vine Stalker Brigand on Apr 22, 2022.
             Slain by an orc
             ... wielding a +0 short sword
              (4 damage)
             ... on level 4 of the Dungeon.
             The game lasted 00:02:14 (1897 turns).

zishaf the Sneak (Vine Stalker Brigand)             Turns: 1897, Time: 00:02:14

Health: -2/23      AC:  3    Str: 13    XL:     4   Next: 50%
Magic:  0/5        EV: 11    Int: 11    God:
Gold:   49         SH:  0    Dex: 18    Spells: 3/3 levels left

rFire   . . .      SeeInvis .   a - +2 dagger
rCold   . . .      Faith    .   (no shield)
rNeg    . . .      Spirit   +   b - +0 robe
rPois   .          Reflect  .   (no helmet)
rElec   .          Harm     .   c - +0 cloak
rCorr   .          Rampage  .   (no gloves)
Will    .....                   (no boots)
Stlth   +++.......              (no amulet)
HPRegen 0.87/turn               (no ring)
MPRegen 0.09/turn               (no ring)

@: no status effects
A: fangs 2, regeneration 1, magic shield, antimagic bite, no potion heal 2
a: no special abilities


You were on level 4 of the Dungeon.
You visited 1 branch of the dungeon, and saw 3 of its levels.

You collected 49 gold pieces.

Inventory:

Hand Weapons
 a - a +2 dagger (weapon)
Missiles
 d - 9 poisoned darts (quivered)
 e - 3 curare-tipped darts
Armour
 b - a +0 robe (worn)
 c - a +0 cloak (worn)
Scrolls
 f - 2 scrolls of identify {unknown}
 g - 2 scrolls of teleportation {unknown}
Potions
 h - a potion of curing {unknown}
 i - a potion of might {unknown}
 j - 2 potions of cancellation {unknown}


   Skills:
 + Level 2.5 Fighting
 + Level 2.6 Short Blades
 + Level 2.5 Throwing
 - Level 0.7 Dodging
 + Level 5.5 Stealth


You had 3 spell levels left.
You didn't know any spells.
Your spell library was empty.

Dungeon Overview and Level Annotations

Branches:
Dungeon (2/15)

Altars:


Innate Abilities, Weirdness & Mutations

You have extremely sharp teeth.
Your natural rate of healing is unusually fast.
When hurt, damage is shared between your health and your magic reserves.
Your bite disrupts and absorbs the magic of your enemies.
Potions cannot restore your health.


Message History

You hit the goblin. Your bite misses the goblin.
The goblin is severely wounded.
The goblin closely misses you.
You hit the goblin.
You kill the goblin!
You hit the orc but do no damage. You bite the orc, but do no damage.
The orc misses you.
You barely miss the orc. The orc barely misses you.
The dart slug briefly extends its eye-stalks.
You hit the orc. Your bite misses the orc.
The orc is moderately wounded.
The orc barely misses you.
Okay, then.
You hit the orc.
The orc is heavily wounded.
The orc barely misses you.
You hit the orc but do no damage. You bite the orc, but do no damage.
The orc is heavily wounded.
The orc hits you with a +0 flail!
* * * LOW HITPOINT WARNING * * *
You hit the orc but do no damage. Your bite misses the orc.
The orc is heavily wounded.
You are no longer corroded.
You hit the orc but do no damage. You bite the orc, but do no damage.
The orc is heavily wounded.
The orc hits you with a +0 flail.
* * * LOW HITPOINT WARNING * * *
You hit the orc.
You kill the orc!
You hit the orc. You bite the orc, but do no damage.
The orc is moderately wounded.
The orc hits you with a +0 short sword.
* * * LOW HITPOINT WARNING * * *
You closely miss the orc.
The orc is moderately wounded.
The orc barely misses you.
You hit the orc.
The orc is almost dead.
The orc hits you with a +0 short sword.
You die...

###.........#
#.........J.# .
.....#######.##
... ###
#..###....
##........
#.........
#..#......
#.###..... #@#
..... ##o# ..##
#ow# ### #.##
..# ...# ....#
.....# ####..#


You could see a dart slug and 2 orcs.

Vanquished Creatures
  A jelly (D:4)
  An adder (D:2)
  A dart slug (D:1)
  2 orcs (D:4)
  4 endoplasms (D:1)
  A giant cockroach (D:1)
  5 goblins
  4 hobgoblins (D:1)
  4 jackals (D:1)
  A quokka (D:1)
  3 ball pythons
  4 bats
  3 frilled lizards
  5 kobolds (D:1)
  4 rats
43 creatures vanquished.

Vanquished Creatures (others)
  3 fungi (D:1)
  6 plants (D:1)
9 creatures vanquished.

Grand Total: 52 creatures vanquished

Notes
Turn   | Place    | Note
-------+----------+-------------------------------------------
     0 | D:1      | zishaf the Vine Stalker Brigand began the quest for the
                  | Orb.
     0 | D:1      | Reached XP level 1. HP: 11/11 MP: 2/2
   516 | D:1      | Reached skill level 5 in Stealth
   516 | D:1      | Reached XP level 2. HP: 15/15 MP: 1/3
   590 | D:1      | Found a faded altar of an unknown god.
   878 | D:1      | Reached XP level 3. HP: 7/18 MP: 4/4
  1859 | D:2      | You fall into a shaft and drop 2 floors!
  1876 | D:4      | Gained mutation: Your natural rate of healing is unusually
                  | fast. [Vine Stalker growth]
  1876 | D:4      | Reached XP level 4. HP: 18/23 MP: 5/5
  1893 | D:4      | HP: 1/23 [orc/+0 flail (2)]
  1897 | D:4      | Slain by an orc

Illustrated notes

Levels and vault maps discovered:
D:1:      lemuel_arrival_funnel, layout_basic,
          shapermc_ecumenical_altar_mp_urbaneastern
D:2:      layout_basic, uniq_robin
D:4:      layout_cave_pods, uniq_edmund, uniq_blork_the_orc

Skill      XL: |  1  2 |
---------------+-------+-----
Short Blades   | 2 |  2.6
Stealth        | 5 |  5.5
Fighting       | 2 |  2.5
Throwing       | 2 |  2.5
Dodging        | |  0.7

Action                   |  1- 3 |  4- 6 || total
-------------------------+-------+-------++-------
Melee: Dagger            |    96 |    18 ||   114
       Bite              |    20 |     5 ||    25
       Punch             |     3 |       ||     3
 Stab: Sleeping          |     7 |       ||     7
Armor: Robe              |    32 |       ||    32
Dodge: Dodged            |    54 |     9 ||    63

Table legend: (Time is in decaauts)
 A = Elapsed time spent in this place.
 B = Non-inter-level travel time spent in this place.
 C = Inter-level travel time spent in this place.
 D = Time resting spent in this place.
 E = Time spent auto-exploring this place.
 F = Levels seen in this place.
 G = Mean time per level.
                   A        B        C        D        E       F      G
               +--------+--------+--------+--------+--------+-----+--------+
         Total |   1884 |   1874 |     10 |      0 |   1573 |   3 |  628.0 |
       Dungeon |   1884 |   1874 |     10 |      0 |   1573 |   3 |  628.0 |
               +--------+--------+--------+--------+--------+-----+--------+

Top non-repeatable levels by time:
     D:1: 1656 daAuts
     D:2: 193 daAuts
     D:4: 35 daAuts
